 Dungeon Crawl Stone Soup version 0.29.1-14-g9c671dbff4 (webtiles) character file.

Game seed: 5611304437871739193

177 Gabide the Trooper (level 5, -1/45 HPs)
             Began as a Draconian Transmuter on Feb 14, 2023.
             Slain by a gnoll
             ... wielding a +0 flail
              (8 damage)
             ... on level 3 of the Dungeon.
             The game lasted 00:03:18 (3153 turns).

Gabide the Trooper (Draconian Transmuter)           Turns: 3153, Time: 00:03:18

Health: -1/45      AC:  6    Str: 15    XL:     5   Next: 31%
Magic:  9/9        EV: 12    Int: 16    God:
Gold:   140        SH:  0    Dex: 11    Spells: 9/10 levels left

rFire   . . .      SeeInvis .   k - +6 club
rCold   . . .      Faith    .   (no shield)
rNeg    . . .      Spirit   .   (body armour unavailable)
rPois   .          Reflect  .   f - +1 hat {Int+3}
rElec   .          Harm     .   (no cloak)
rCorr   .          Rampage  .   (no gloves)
Will    .....                   (no boots)
Stlth   +.........              (no amulet)
HPRegen 0.15/turn               (no ring)
MPRegen 0.11/turn               (no ring)

@: attractive
A: AC +5, unfitting armour, cold-blooded
a: no special abilities


You were on level 3 of the Dungeon.
You visited 1 branch of the dungeon, and saw 3 of its levels.

You collected 140 gold pieces.

Inventory:

Hand Weapons
 k - a +6 club (weapon)
Missiles
 j - 3 poisoned darts
Armour
 f - a +1 hat of intelligence (worn)
Wands
 a - a wand of flame (11)
Scrolls
 b - a scroll of enchant weapon {unknown}
 c - a scroll of brand weapon {unknown}
 d - a scroll of poison {unknown}
 g - 2 scrolls of fog {unknown}
 i - 2 scrolls of identify {unknown}
 l - a scroll of blinking {unknown}
Potions
 h - a potion of curing {unknown}


   Skills:
 + Level 3.3 Fighting
 + Level 3.0 Dodging
 - Level 3.0 Unarmed Combat
 - Level 3.0 Spellcasting
 - Level 3.0 Transmutations


You had 9 spell levels left.
You knew the following spells:

 Your Spells              Type           Power      Damage    Failure   Level
a - Beastly Appendage     Tmut           24%        N/A       5%          1

Your spell library contained the following spells:

 Spells                   Type           Power      Damage    Failure   Level
 Wereblood                Tmut           12%        N/A       9%          2
 Spider Form              Tmut/Pois      7%         N/A       30%         3
 Ice Form                 Ice/Tmut       7%         N/A       69%         4


Dungeon Overview and Level Annotations

Branches:
Dungeon (3/15)

Altars:
Fedhas
Xom
The Shining One


Innate Abilities, Weirdness & Mutations

Your plain brown scales are hard. (AC +5)
You cannot fit into any form of body armour.
You are cold-blooded and may be slowed by cold attacks.


Message History

You are too injured to fight recklessly!
You hit the gnoll.
The gnoll is lightly wounded.
The gnoll hits you with a +0 flail.
You closely miss the gnoll.
You tail-slap the gnoll, but do no damage.
The gnoll is lightly wounded.
You closely miss the gnoll.
The gnoll is lightly wounded.
The gnoll closely misses you.
You hit the gnoll.
The gnoll is heavily wounded.
The gnoll closely misses you.
You hit the gnoll but do no damage. Your punch misses the gnoll.
The gnoll is heavily wounded.
The gnoll barely misses you.
You hit the gnoll.
The gnoll is almost dead.
The gnoll closely misses you.
You hit the gnoll.
You kill the gnoll!
The gnoll hits you with a +0 flail.
Your Dodging skill increases to level 3!
You sock the gnoll!
Your tail-slap misses the gnoll.
The gnoll is severely wounded.
The gnoll hits you with a +0 flail!
* * * LOW HITPOINT WARNING * * *
You barely miss the gnoll.
Your tail-slap misses the gnoll.
The gnoll is severely wounded.
The gnoll hits you with a +0 flail.
* * * LOW HITPOINT WARNING * * *
It was a potion of attraction.
You feel attractive to monsters. The gnoll hits you but does no damage.
You hit the gnoll.
The gnoll is severely wounded.
The gnoll hits you with a +0 flail.
* * * LOW HITPOINT WARNING * * *
The gnoll hits you with a +0 flail!
You die...

#.##.#
##.##.########
#####†...........#
............>....#
..##.............#
.........###.#####
.............#####
........<........#
............####@#
............# #g#
............#
#g.....#
............#
######.#
#+#..#....###
#.........#
#......#...
#......#...
...........


You could see 2 gnolls.

Vanquished Creatures
  A crimson imp (D:3)
  Ijyb (D:3)
  Robin (D:2)
  2 gnolls (D:3)
  An adder (D:3)
  2 dart slugs
  An orc (D:3)
  6 bats
  4 endoplasms
  2 giant cockroaches (D:2)
  13 goblins
  9 hobgoblins
  5 jackals
  3 kobolds
  A quokka (D:3)
  6 ball pythons
  4 frilled lizards
  A goblin zombie (D:3)
  A hobgoblin zombie (D:3)
  3 kobold skeletons (D:3)
  2 kobold zombies (D:3)
  An orc skeleton (D:3)
  An orc zombie (D:3)
  2 rats (D:1)
73 creatures vanquished.

Vanquished Creatures (others)
  A fungus (D:3)
1 creature vanquished.

Grand Total: 74 creatures vanquished

Notes
Turn   | Place    | Note
-------+----------+-------------------------------------------
     0 | D:1      | Gabide the Draconian Transmuter began the quest for the
                  | Orb.
     0 | D:1      | Reached XP level 1. HP: 16/16 MP: 3/3
   393 | D:1      | Reached XP level 2. HP: 24/24 MP: 3/5
   772 | D:1      | Found a faded altar of an unknown god.
  1490 | D:2      | Found a shimmering altar of Xom.
  1666 | D:2      | Reached XP level 3. HP: 29/29 MP: 6/6
  2187 | D:3      | Noticed Robin
  2321 | D:2      | Killed Robin
  2552 | D:3      | Found a glowing golden altar of the Shining One.
  2556 | D:3      | Reached XP level 4. HP: 36/36 MP: 8/8
  2678 | D:3      | Noticed Ijyb
  2704 | D:3      | Killed Ijyb
  2705 | D:3      | Reached XP level 5. HP: 9/45 MP: 9/9
  3006 | D:3      | Found a blossoming altar of Fedhas.
  3153 | D:3      | Slain by a gnoll

Illustrated notes

Levels and vault maps discovered:
D:1:      erik_arrival_orb_chamber, layout_basic,
          ebering_ecumenical_altar_abandoned, minmay_misc_feat_roman,
          minmay_tromino_i4
D:2:      layout_loops_corners, basic_altar
D:3:      lemuel_castle_with_subvaults [lemuel_castle_interior_carwin_3],
          layout_basic, nicolae_tso_besieged_by_evil, lemuel_doored_altar,
          uniq_crazy_yiuf_cottage, uniq_ijyb, uniq_robin, uniq_terence

Skill      XL: |  1  2  3  4  5 |
---------------+----------------+-----
Dodging        | 2 3 |  3.0
Fighting       | 2 3 |  3.3
Transmutations | 3 |  3.0
Spellcasting   | 3 |  3.0
Unarmed Combat | |  3.0

Action                   |  1- 3 |  4- 6 || total
-------------------------+-------+-------++-------
Melee: Unarmed           |   103 |     6 ||   109
       Headbutt          |     7 |       ||     7
       Kick              |     8 |       ||     8
       Tailslap          |    15 |     9 ||    24
       Club              |    24 |    74 ||    98
       Punch             |     2 |     2 ||     4
 Cast: Beastly Appendage |    15 |       ||    15
  Use: Potion            |       |     2 ||     2
Armor: Skin              |    54 |    34 ||    88
Dodge: Dodged            |    96 |    57 ||   153
